[Event "Panchenko Memorial 2019"]
[Site "Chelyabinsk"]
[Date "2019.09.13"]
[Round "5.7"]
[White "Lobanov, Sergei"]
[Black "Sitnikov, Anton"]
[Result "1-0"]
[ECO "C41"]
[WhiteElo "2515"]
[BlackElo "2405"]
[Annotator "ChessBase"]
[PlyCount "119"]
[EventDate "2019.09.09"]
[EventType "swiss"]
[EventCountry "RUS"]
[SourceTitle "playchess.com"]
[Source "ChessBase"]
[SourceQuality "1"]
[TimeControl "5400+30"]

1. e4 d6 2. d4 Nf6 3. Nc3 e5 4. Nf3 Nbd7 5. Bc4 Be7 6. O-O O-O 7. h3 c6 8. a4 h6 9. Re1 exd4 10. Nxd4 Ne5 11. Ba2 Re8 12. a5 Qc7 13. Be3 Bf8 14. f4 Ng6 15. Qf3 Kh7 16. Bf2 Rb8 17. Kh1 b5 18. axb6 axb6 19. e5 dxe5 20. Qxc6 Qe7 21. fxe5 Nxe5 22. Qb5 Bd7 23. Qf1 Qb4 24. Bb3 Bd6 25. Na2 Qa5 26. c3 b5 27. Nb4 Qd8 28. Bg3 Rb6 29. Rad1 Nh5 30. Bh2 Qh4 31. Nf5 Bxf5 32. Rxd6 Rxd6 33. Rxe5 Rf6 34. Rxe8 Bxh3 35. Qe1 Bxg2+ 36. Kxg2 Rg6+ 37. Kf3 Qxh2 38. Ke3 Rg1 39. Qe2 Qf4+ 40. Kd3 Nf6 41. Nd5 Rg3+ 42. Re3 Qf5+ 43. Kd2 Rxe3 44. Nxe3 Qg5 45. Bxf7 h5 46. Qf3 g6 47. Bb3 h4 48. Be6 Qe5 49. Bc8 b4 50. Qb7+ Kh6 51. Qxb4 Ne4+ 52. Kd3 Nc5+ 53. Kc4 Qf4+ 54. Kxc5 Qxe3+ 55. Qd4 Qg5+ 56. Kb6 Qg3 57. b4 Kg5 58. c4 h3 59. Qd8+ Kf4 60. Qd6+ 1-0

[Event "Panchenko Memorial 2019"]
[Site "Chelyabinsk"]
[Date "2019.09.13"]
[Round "5.8"]
[White "Remizov, Yaroslav"]
[Black "Drygalov, Andrey"]
[Result "1-0"]
[ECO "B90"]
[WhiteElo "2354"]
[BlackElo "2499"]
[Annotator "ChessBase"]
[PlyCount "93"]
[EventDate "2019.09.09"]
[EventType "swiss"]
[EventCountry "RUS"]
[SourceTitle "playchess.com"]
[Source "ChessBase"]
[SourceQuality "1"]
[TimeControl "5400+30"]

1. e4 c5 2. Nf3 d6 3. d4 cxd4 4. Nxd4 Nf6 5. Nc3 a6 6. Be3 e5 7. Nb3 Be6 8. h3 Be7 9. f4 exf4 10. Bxf4 Nc6 11. Qe2 Ne5 12. O-O-O Nfd7 13. Nd4 g6 14. Qe3 O-O 15. h4 Bxh4 16. Kb1 h5 17. Be2 Bf6 18. Nxe6 fxe6 19. Rxd6 Qe7 20. Rhd1 Rf7 21. Qg3 h4 22. Qh3 Re8 23. g3 Rh7 24. gxh4 Rxh4 25. Qg3 Qh7 26. Bc4 Qf7 27. Bb3 Kg7 28. Be3 Rg4 29. Qh3 Rh4 30. Qg3 Rg4 31. Qh3 Rh4 32. Qg3 Nf8 33. Bd4 Rh5 34. Rf1 Qe7 35. Rb6 Ned7 36. Bxf6+ Nxf6 37. Qf4 Rd8 38. Rxb7 N8d7 39. a4 Kg8 40. Qg3 Qf7 41. Qd6 Re5 42. Rxd7 Nxd7 43. Rxf7 Kxf7 44. Ne2 Rxe4 45. Nf4 Rxf4 46. Bxe6+ Kg7 47. Qxf4 1-0

[Event "Panchenko Memorial 2019"]
[Site "Chelyabinsk"]
[Date "2019.09.13"]
[Round "5.9"]
[White "Yudin, Sergei"]
[Black "Semenova, Elena"]
[Result "1-0"]
[ECO "A03"]
[WhiteElo "2494"]
[BlackElo "2303"]
[Annotator "ChessBase"]
[PlyCount "51"]
[EventDate "2019.09.09"]
[EventType "swiss"]
[EventCountry "RUS"]
[SourceTitle "playchess.com"]
[Source "ChessBase"]
[SourceQuality "1"]
[TimeControl "5400+30"]

1. f4 d5 2. Nf3 c5 3. g3 Nc6 4. Bg2 Nf6 5. O-O g6 6. Nc3 Bg7 7. Ne5 Nxe5 8. fxe5 Ne4 9. Nxe4 dxe4 10. c3 O-O 11. Bxe4 Bxe5 12. d3 Qc7 13. Bf4 Bg4 14. Rf2 Bxf4 15. gxf4 Rad8 16. f5 Rd6 17. Rg2 Bh5 18. Qd2 Kh8 19. Rf1 gxf5 20. Rxf5 Bg6 21. Qh6 Qd8 22. Rh5 f5 23. Bxf5 Rxf5 24. Rxf5 Kg8 25. h4 Qc8 26. Rf3 1-0

[Event "Panchenko Memorial 2019"]
[Site "Chelyabinsk"]
[Date "2019.09.13"]
[Round "5.10"]
[White "Garifullina, Leya"]
[Black "Nesterov, Arseniy"]
[Result "0-1"]
[ECO "C60"]
[WhiteElo "2304"]
[BlackElo "2473"]
[Annotator "ChessBase"]
[PlyCount "128"]
[EventDate "2019.09.09"]
[EventType "swiss"]
[EventCountry "RUS"]
[SourceTitle "playchess.com"]
[Source "ChessBase"]
[SourceQuality "1"]
[TimeControl "5400+30"]

1. e4 e5 2. Nf3 Nc6 3. Bb5 Nge7 4. O-O g6 5. c3 a6 6. Ba4 Bg7 7. d4 exd4 8. cxd4 b5 9. Bc2 d5 10. exd5 Nxd5 11. Bg5 Qd6 12. Re1+ Be6 13. Nbd2 Nxd4 14. Ne4 Qb6 15. Nxd4 Bxd4 16. Qf3 O-O 17. Bh6 Bg7 18. Bxg7 Kxg7 19. Ng5 Rae8 20. Nxe6+ fxe6 21. Qg3 Rf6 22. Be4 Ref8 23. Bf3 Nf4 24. Rad1 c5 25. Rd7+ R8f7 26. Rxf7+ Rxf7 27. Bg4 c4 28. Qc3+ Kg8 29. Bf3 Nd3 30. Re2 Qc5 31. Re3 b4 32. Qd2 e5 33. h3 Kg7 34. Qc2 Qd4 35. b3 Qc3 36. Qe2 cxb3 37. axb3 Rd7 38. Be4 Qc1+ 39. Kh2 Nc5 40. Qg4 Qd1 41. Qg3 Qd4 42. Bf5 Re7 43. h4 e4 44. Bh3 Nd3 45. f4 Qd6 46. h5 Nxf4 47. hxg6 hxg6 48. Bf5 Qc5 49. Qg5 Qxe3 50. Qxe7+ Kh6 51. Bxe4 Nh5 52. Qf8+ Kg5 53. Qe7+ Nf6 54. Qe5+ Kh6 55. Qxf6 Qxe4 56. Qxa6 Qe5+ 57. Kh1 Qh5+ 58. Kg1 Qd1+ 59. Qf1 Qxb3 60. Qf8+ Kg5 61. Qc5+ Kf6 62. g4 Qg3+ 63. Kf1 Qf4+ 64. Ke1 Qe5+ 0-1

[Event "Panchenko Memorial 2019"]
[Site "Chelyabinsk"]
[Date "2019.09.14"]
[Round "6.1"]
[White "Volkov, Sergey"]
[Black "Shaposhnikov, Evgeny"]
[Result "1-0"]
[ECO "E15"]
[WhiteElo "2557"]
[BlackElo "2572"]
[Annotator "ChessBase"]
[PlyCount "62"]
[EventDate "2019.09.09"]
[EventType "swiss"]
[EventCountry "RUS"]
[SourceTitle "playchess.com"]
[Source "ChessBase"]
[SourceQuality "1"]
[TimeControl "5400+30"]

1. d4 Nf6 2. c4 e6 3. Nf3 b6 4. g3 Bb4+ 5. Bd2 c5 6. Bg2 Bb7 7. Bxb4 cxb4 8. a3 bxa3 9. Nxa3 O-O 10. O-O a5 11. Nb5 Na6 12. Nd6 Bc6 13. Nd2 Bxg2 14. Kxg2 Qc7 15. Nb5 Qc6+ 16. Kg1 Nb4 17. b3 d5 18. e3 Rfe8 19. Nf3 Nd7 20. Qe2 e5 21. cxd5 Nxd5 22. Qc4 Rac8 23. e4 N5f6 24. Qxc6 Rxc6 25. dxe5 Nxe5 26. Nfd4 Rc5 27. Nd6 Rd8 28. b4 axb4 29. Nb7 Rxd4 30. Ra8+ Rd8 31. Raa1 Re8 1-0

[Event "Panchenko Memorial 2019"]
[Site "Chelyabinsk"]
[Date "2019.09.14"]
[Round "6.2"]
[White "Sivuk, Vitaly"]
[Black "Badelka, Olga"]
[Result "1-0"]
[ECO "B36"]
[WhiteElo "2559"]
[BlackElo "2399"]
[Annotator "ChessBase"]
[PlyCount "91"]
[EventDate "2019.09.09"]
[EventType "swiss"]
[EventCountry "RUS"]
[SourceTitle "playchess.com"]
[Source "ChessBase"]
[SourceQuality "1"]
[TimeControl "5400+30"]

1. c4 Nf6 2. Nc3 c5 3. Nf3 Nc6 4. d4 cxd4 5. Nxd4 g6 6. e4 Nxd4 7. Qxd4 d6 8. f3 Bg7 9. Be3 O-O 10. Qd2 Bd7 11. Be2 Qa5 12. a3 Rfc8 13. b4 Qd8 14. Rc1 a6 15. O-O Rab8 16. Ba7 Ra8 17. Bd4 Be6 18. Na4 Nd7 19. f4 f6 20. Qe3 Rab8 21. Ba7 Ra8 22. Rfd1 Qe8 23. Nb6 Nxb6 24. Bxb6 Qf7 25. c5 dxc5 26. bxc5 Qe8 27. f5 Bf7 28. Bc4 Bxc4 29. Rxc4 e5 30. Rc2 gxf5 31. exf5 Qf7 32. Rcd2 Re8 33. Qe4 Bh6 34. Rd3 Rac8 35. Kh1 Rc6 36. Rd7 Re7 37. Rxb7 Rxb7 38. Qxc6 Bf8 39. a4 Rb8 40. a5 Qb3 41. Qe6+ Qxe6 42. fxe6 Rc8 43. Rd7 Bxc5 44. Bxc5 Rxc5 45. Rd8+ Kg7 46. h3 1-0

[Event "Panchenko Memorial 2019"]
[Site "Chelyabinsk"]
[Date "2019.09.14"]
[Round "6.3"]
[White "Zhigalko, Andrey"]
[Black "Nugumanov, Bakhtiyar"]
[Result "1-0"]
[ECO "A21"]
[WhiteElo "2539"]
[BlackElo "2387"]
[Annotator "ChessBase"]
[PlyCount "55"]
[EventDate "2019.09.09"]
[EventType "swiss"]
[EventCountry "RUS"]
[SourceTitle "playchess.com"]
[Source "ChessBase"]
[SourceQuality "1"]
[TimeControl "5400+30"]

1. c4 e5 2. Nc3 d6 3. g3 f5 4. Bg2 Nf6 5. d3 g6 6. Nf3 Bg7 7. O-O O-O 8. b4 Nc6 9. b5 Ne7 10. c5 h6 11. Qb3+ Kh7 12. Ba3 e4 13. cxd6 cxd6 14. dxe4 fxe4 15. Nd4 Ng4 16. e3 Nf5 17. Nxe4 Nxd4 18. exd4 Bxd4 19. Rad1 Qb6 20. Rxd4 Qxd4 21. Bb2 Qb6 22. Qc3 Ne5 23. Rd1 Qxb5 24. Rxd6 Bf5 25. Rd5 Qxd5 26. Nf6+ Rxf6 27. Bxd5 Nd7 28. Qe3 1-0

[Event "Panchenko Memorial 2019"]
[Site "Chelyabinsk"]
[Date "2019.09.14"]
[Round "6.4"]
[White "Lobanov, Sergei"]
[Black "Radzhabov, Rodion"]
[Result "0-1"]
[ECO "B47"]
[WhiteElo "2515"]
[BlackElo "2384"]
[Annotator "ChessBase"]
[PlyCount "88"]
[EventDate "2019.09.09"]
[EventType "swiss"]
[EventCountry "RUS"]
[SourceTitle "playchess.com"]
[Source "ChessBase"]
[SourceQuality "1"]
[TimeControl "5400+30"]

1. e4 c5 2. Nf3 Nc6 3. d4 cxd4 4. Nxd4 Qc7 5. Nc3 e6 6. g3 a6 7. Bg2 Nf6 8. O-O Bc5 9. Nxc6 dxc6 10. Na4 Ba7 11. c4 e5 12. c5 Be6 13. b4 Rd8 14. Qc2 O-O 15. Bb2 Nd7 16. Bc3 Rfe8 17. Nb2 f6 18. Bd2 Nf8 19. Be3 Qe7 20. a4 Bb8 21. Nc4 Bf7 22. Rfd1 Ne6 23. Na5 Nd4 24. Bxd4 exd4 25. Qd3 g5 26. Bh3 Bg6 27. Bf5 Kg7 28. Kf1 Be5 29. Rac1 Qc7 30. Re1 Bf7 31. Kg2 Re7 32. Rf1 Bg6 33. h4 Bxf5 34. exf5 Qd7 35. hxg5 fxg5 36. Nc4 Qd5+ 37. f3 Rde8 38. Kh3 h5 39. Rcd1 g4+ 40. fxg4 hxg4+ 41. Kxg4 Kf6 42. Nxe5 Rxe5 43. Rf3 Rh8 44. Rf4 Qg2 0-1

[Event "Panchenko Memorial 2019"]
[Site "Chelyabinsk"]
[Date "2019.09.14"]
[Round "6.5"]
[White "Tologontegin, Semetey"]
[Black "Yudin, Sergei"]
[Result "1-0"]
[ECO "D00"]
[WhiteElo "2369"]
[BlackElo "2494"]
[Annotator "ChessBase"]
[PlyCount "109"]
[EventDate "2019.09.09"]
[EventType "swiss"]
[EventCountry "RUS"]
[SourceTitle "playchess.com"]
[Source "ChessBase"]
[SourceQuality "1"]
[TimeControl "5400+30"]

1. d4 d5 2. Nc3 Nf6 3. Bf4 a6 4. e3 e6 5. g4 c5 6. g5 Nfd7 7. h4 Nc6 8. Nf3 cxd4 9. exd4 Nb6 10. Qd2 Bd6 11. a3 Qc7 12. Bxd6 Qxd6 13. Qe3 Bd7 14. Ne5 Nxe5 15. dxe5 Qc7 16. O-O-O O-O-O 17. Rd4 Bc6 18. Bd3 Kb8 19. Rg1 Nc8 20. Rb4 Ne7 21. Ne2 Ka8 22. Nd4 Bd7 23. Kb1 Nc6 24. Nxc6 Bxc6 25. Rg3 Rdf8 26. Rb6 d4 27. Qxd4 Rd8 28. Qe3 Rd5 29. f4 Rhd8 30. Rb4 Qd7 31. Qb6 Rd4 32. Be2 Rd1+ 33. Bxd1 Qxd1+ 34. Ka2 Bd5+ 35. c4 Be4 36. Rg1 Qd2 37. Re1 Bc6 38. Qe3 Qxe3 39. Rxe3 a5 40. Rbb3 Rd4 41. Rbc3 a4 42. b4 axb3+ 43. Kxb3 Rxf4 44. h5 Kb8 45. Rcd3 Kc7 46. Kc3 Rf5 47. g6 fxg6 48. hxg6 hxg6 49. Rd6 Bd7 50. a4 g5 51. a5 Bc8 52. Kd4 g4 53. a6 bxa6 54. Kc5 Bd7 55. Rxa6 1-0

[Event "Panchenko Memorial 2019"]
[Site "Chelyabinsk"]
[Date "2019.09.14"]
[Round "6.6"]
[White "Nesterov, Arseniy"]
[Black "Remizov, Yaroslav"]
[Result "1-0"]
[ECO "D30"]
[WhiteElo "2473"]
[BlackElo "2354"]
[Annotator "ChessBase"]
[PlyCount "85"]
[EventDate "2019.09.09"]
[EventType "swiss"]
[EventCountry "RUS"]
[SourceTitle "playchess.com"]
[Source "ChessBase"]
[SourceQuality "1"]
[TimeControl "5400+30"]

1. d4 d5 2. c4 e6 3. Nf3 c6 4. g3 dxc4 5. Bg2 b5 6. O-O Bb7 7. Ne5 Nd7 8. Nc3 a6 9. Nxc6 Qc8 10. d5 b4 11. Na5 bxc3 12. Nxb7 Rb8 13. dxe6 fxe6 14. bxc3 Rxb7 15. Bxb7 Qxb7 16. Qa4 Qb5 17. Qxb5 axb5 18. Rb1 Ngf6 19. Rxb5 Bd6 20. Rd1 Ke7 21. Rb7 Ra8 22. Bg5 Rxa2 23. Bxf6+ gxf6 24. Rd4 e5 25. Rxc4 Rxe2 26. Rc8 Rd2 27. Kf1 Ke6 28. Re8+ Be7 29. c4 Rc2 30. Rc7 e4 31. h4 f5 32. h5 Kd6 33. Ra7 Bf6 34. Ra5 Nc5 35. Rf8 Bd4 36. Rd8+ Ke6 37. Rxd4 Nd3 38. Ra6+ Ke7 39. Rd5 Rxf2+ 40. Kg1 Rf3 41. Rb5 Kd7 42. Rb7+ Kc8 43. Rg7 1-0

[Event "Panchenko Memorial 2019"]
[Site "Chelyabinsk"]
[Date "2019.09.14"]
[Round "6.7"]
[White "Kostenko, Petr"]
[Black "Stupak, Kirill"]
[Result "0-1"]
[ECO "C09"]
[WhiteElo "2472"]
[BlackElo "2551"]
[Annotator "ChessBase"]
[PlyCount "128"]
[EventDate "2019.09.09"]
[EventType "swiss"]
[EventCountry "RUS"]
[SourceTitle "playchess.com"]
[Source "ChessBase"]
[SourceQuality "1"]
[TimeControl "5400+30"]

1. e4 e6 2. d4 d5 3. Nd2 c5 4. Ngf3 Nc6 5. exd5 exd5 6. Bb5 Qe7+ 7. Be2 Nf6 8. O-O Qc7 9. c4 cxd4 10. cxd5 Nxd5 11. Nb3 Be7 12. Nfxd4 O-O 13. Bf3 Rd8 14. Nxc6 bxc6 15. Bd2 a5 16. Rc1 Qb6 17. Re1 Be6 18. Qc2 Nb4 19. Bxb4 axb4 20. Qb1 Rac8 21. Be4 g6 22. Bd3 Bg5 23. Rc5 Bxb3 24. Rxg5 Bxa2 25. Qc2 Qd4 26. Ba6 Rc7 27. b3 Qc3 28. Qxc3 bxc3 29. Rc5 Bxb3 30. Rxc3 Bd5 31. Rec1 Kf8 32. h4 h5 33. f3 Ke7 34. Kf2 Rb8 35. g4 Rb4 36. Kg3 Ra7 37. Be2 Kd6 38. Rd1 Raa4 39. Rd2 f5 40. Bd1 Rd4 41. gxf5 gxf5 42. Rxd4 Rxd4 43. Bc2 f4+ 44. Kf2 Rd2+ 45. Kg1 Ke5 46. Bg6 Kd4 47. Ra3 c5 48. Bxh5 c4 49. Ra4 Ke3 50. Ra3+ Rd3 51. Ra7 c3 52. Rc7 Rd1+ 53. Kg2 Rd2+ 54. Kh3 c2 55. Bg4 Bxf3 56. Bxf3 Kxf3 57. h5 Ke2 58. h6 Kd1 59. h7 Rd8 60. Rd7+ Rxd7 61. h8=Q Rd3+ 62. Kg2 c1=Q 63. Qh5+ f3+ 64. Kg3 Qc7+ 0-1

[Event "Panchenko Memorial 2019"]
[Site "Chelyabinsk"]
[Date "2019.09.14"]
[Round "6.8"]
[White "Salemgareev, Tagir"]
[Black "Kotsur, Pavel"]
[Result "1/2-1/2"]
[ECO "E17"]
[WhiteElo "2457"]
[BlackElo "2528"]
[Annotator "ChessBase"]
[PlyCount "91"]
[EventDate "2019.09.09"]
[EventType "swiss"]
[EventCountry "RUS"]
[SourceTitle "playchess.com"]
[Source "ChessBase"]
[SourceQuality "1"]
[TimeControl "5400+30"]

1. d4 Nf6 2. c4 e6 3. Nf3 b6 4. g3 Bb7 5. Bg2 Be7 6. O-O O-O 7. Re1 a5 8. Nc3 Ne4 9. Nxe4 Bxe4 10. Ne5 Bxg2 11. Kxg2 d6 12. Nf3 d5 13. cxd5 exd5 14. Bf4 Bb4 15. Rf1 Bd6 16. Qd2 Re8 17. Rac1 Na6 18. Bxd6 Qxd6 19. Rfd1 c6 20. e3 Rac8 21. Qc2 Nb8 22. Qa4 Nd7 23. Rc2 h6 24. Rdc1 Re6 25. Ne1 g5 26. Nd3 Rg6 27. Rd2 Qe6 28. Qd1 Rf6 29. Kg1 Kg7 30. b3 Qf5 31. Ne5 Nxe5 32. dxe5 Qxe5 33. Rxd5 cxd5 34. Rxc8 Rxf2 35. Kxf2 Qf5+ 36. Kg2 Qxc8 37. Qxd5 Qc2+ 38. Kh3 Qf2 39. Qd4+ Kg6 40. Qxb6+ f6 41. Qb5 Qxe3 42. Qc4 Qf3 43. Qg8+ Kf5 44. Qc8+ Kg6 45. Qg8+ Kf5 46. Qc8+ 1/2-1/2

[Event "Panchenko Memorial 2019"]
[Site "Chelyabinsk"]
[Date "2019.09.14"]
[Round "6.9"]
[White "Zakhartsov, Vladimir"]
[Black "Bezgodov, Alexei"]
[Result "1/2-1/2"]
[ECO "D02"]
[WhiteElo "2519"]
[BlackElo "2453"]
[Annotator "ChessBase"]
[PlyCount "138"]
[EventDate "2019.09.09"]
[EventType "swiss"]
[EventCountry "RUS"]
[SourceTitle "playchess.com"]
[Source "ChessBase"]
[SourceQuality "1"]
[TimeControl "5400+30"]

1. d4 d5 2. Nf3 Bf5 3. g3 c6 4. Bg2 e6 5. O-O Bd6 6. a4 a5 7. c4 Na6 8. Qb3 Rb8 9. Bd2 Nf6 10. Rc1 O-O 11. Na3 Ne4 12. Be1 Bg4 13. Qe3 f5 14. Qb3 f4 15. cxd5 exd5 16. Nb5 fxg3 17. hxg3 Bb4 18. Ne5 Bxe1 19. Rxe1 Nxf2 20. Rf1 Be6 21. Rxf2 Rxf2 22. Kxf2 cxb5 23. Qxb5 Nb4 24. Rc1 b6 25. Rc3 Qd6 26. Kg1 Rf8 27. Rf3 Bc8 28. e3 Be6 29. Rxf8+ Kxf8 30. Qf1+ Kg8 31. Qc1 g6 32. Qf1 Kg7 33. g4 Qf8 34. Qb5 Qd8 35. Bf3 Kh6 36. Kg2 Kg7 37. Qe2 Qc7 38. Qd2 Qc2 39. Qxc2 Nxc2 40. Kf2 Kf6 41. Be2 Nb4 42. Kg3 g5 43. Kf2 Ke7 44. Bb5 Kd6 45. Ke2 Ke7 46. Kd2 Kd6 47. Kc3 Na2+ 48. Kd3 Nb4+ 49. Kd2 Ke7 50. Be2 Kd6 51. Bf3 Nc6 52. Nd3 Bd7 53. Nf2 h6 54. Bd1 Nb4 55. e4 dxe4 56. Nxe4+ Ke7 57. Nc3 Bc6 58. Be2 Kd6 59. b3 Ke7 60. Bb5 Bf3 61. Be2 Bc6 62. Nd1 Nd5 63. Bf3 Kd6 64. Nb2 Nf6 65. Nc4+ Kc7 66. Bd1 Bd7 67. Ne5 Be6 68. Kd3 Nd5 69. Kd2 Nf6 1/2-1/2

[Event "Panchenko Memorial 2019"]
[Site "Chelyabinsk"]
[Date "2019.09.14"]
[Round "6.10"]
[White "Ulybin, Mikhail"]
[Black "Meister, Jakob"]
[Result "1/2-1/2"]
[ECO "C10"]
[WhiteElo "2475"]
[BlackElo "2410"]
[Annotator "ChessBase"]
[PlyCount "140"]
[EventDate "2019.09.09"]
[EventType "swiss"]
[EventCountry "RUS"]
[SourceTitle "playchess.com"]
[Source "ChessBase"]
[SourceQuality "1"]
[TimeControl "5400+30"]

1. e4 e6 2. d4 d5 3. Nd2 dxe4 4. Nxe4 Bd7 5. Nf3 Bc6 6. Bd3 Nd7 7. Qe2 Be7 8. O-O Ngf6 9. Neg5 Bxf3 10. Qxf3 c6 11. Re1 O-O 12. Qh3 g6 13. Bc4 Qa5 14. Bf4 Qf5 15. Nxe6 Qxh3 16. gxh3 fxe6 17. Bxe6+ Rf7 18. c4 Nf8 19. Bxf7+ Kxf7 20. Rad1 Rd8 21. Rd3 Rd7 22. Be5 Ne6 23. Kf1 Ng7 24. d5 c5 25. Ra3 b6 26. Ra6 Nf5 27. a4 Rb7 28. a5 Nd7 29. axb6 axb6 30. Ra8 Nxe5 31. Rxe5 Nd6 32. b3 b5 33. cxb5 Nxb5 34. Rh8 Kg7 35. Re8 Bd6 36. R5e6 Rd7 37. h4 Nd4 38. Re3 Nf5 39. Rh3 h5 40. Re6 Be7 41. Rd3 Bd6 42. h3 Kf7 43. Re4 Be7 44. Rc4 Rb7 45. Rf3 Bd6 46. Re4 Re7 47. Rxe7+ Kxe7 48. Rd3 Be5 49. Ke2 Kd6 50. Kf3 Bd4 51. Kf4 Bf6 52. Rd1 Bxh4 53. Rg1 Ne7 54. Ke4 Bxf2 55. Ra1 Bg3 56. Ra6+ Kd7 57. Rf6 Bd6 58. Rf7 Bh2 59. Rf2 Bg3 60. Rf6 h4 61. Rf7 g5 62. Rg7 Bf4 63. Rf7 Bd2 64. Rh7 Bc1 65. Rf7 Bb2 66. Rh7 Bc1 67. Rf7 Bf4 68. Rh7 Ke8 69. Rh6 Kd7 70. Rh7 Bc1 1/2-1/2

[Event "Panchenko Memorial 2019"]
[Site "Chelyabinsk"]
[Date "2019.09.15"]
[Round "7.1"]
[White "Zhigalko, Andrey"]
[Black "Volkov, Sergey"]
[Result "1/2-1/2"]
[ECO "C11"]
[WhiteElo "2539"]
[BlackElo "2557"]
[Annotator "ChessBase"]
[PlyCount "135"]
[EventDate "2019.09.09"]
[EventType "swiss"]
[EventCountry "RUS"]
[SourceTitle "playchess.com"]
[Source "ChessBase"]
[SourceQuality "1"]
[TimeControl "5400+30"]

1. e4 e6 2. d4 d5 3. Nc3 Nf6 4. e5 Nfd7 5. f4 c5 6. Nf3 Nc6 7. Be3 Be7 8. a3 cxd4 9. Nxd4 Nxd4 10. Bxd4 Nb8 11. Bd3 Nc6 12. Bf2 Bd7 13. O-O O-O 14. Qd2 Rc8 15. Rae1 Qa5 16. Qe3 g6 17. Ne2 Bd8 18. c3 Bb6 19. Qg3 Bxf2+ 20. Qxf2 Qb6 21. Qxb6 axb6 22. g3 Kg7 23. Kf2 f6 24. exf6+ Rxf6 25. Nd4 g5 26. Ke3 gxf4+ 27. gxf4 Rcf8 28. h4 Kh6 29. Be2 Be8 30. b4 Bh5 31. Bb5 Nxd4 32. Kxd4 Bg4 33. Ke5 Rf5+ 34. Kd6 d4 35. Rxe6+ R8f6 36. Rxf6+ Rxf6+ 37. Kc7 dxc3 38. Rc1 Kh5 39. Rxc3 Kxh4 40. Kxb7 h5 41. Bc6 Be2 42. Kxb6 Kg4 43. b5 h4 44. Rc2 Bf3 45. a4 h3 46. a5 Rh6 47. a6 Bxc6 48. Rxc6 Rxc6+ 49. bxc6 h2 50. c7 h1=Q 51. c8=Q+ Kxf4 52. Qc4+ Kg3 53. a7 Qb1+ 54. Qb5 Qg6+ 55. Qc6 Qb1+ 56. Kc7 Qh7+ 57. Kb8 Qg8+ 58. Kb7 Qb3+ 59. Kc7 Qf7+ 60. Qd7 Qc4+ 61. Kb6 Qb3+ 62. Qb5 Qe6+ 63. Ka5 Qa2+ 64. Qa4 Qd5+ 65. Kb4 Qd4+ 66. Kb3 Qd1+ 67. Ka3 Qa1+ 68. Kb4 1/2-1/2

[Event "Panchenko Memorial 2019"]
[Site "Chelyabinsk"]
[Date "2019.09.15"]
[Round "7.2"]
[White "Radzhabov, Rodion"]
[Black "Sivuk, Vitaly"]
[Result "0-1"]
[ECO "B73"]
[WhiteElo "2384"]
[BlackElo "2559"]
[Annotator "ChessBase"]
[PlyCount "72"]
[EventDate "2019.09.09"]
[EventType "swiss"]
[EventCountry "RUS"]
[SourceTitle "playchess.com"]
[Source "ChessBase"]
[SourceQuality "1"]
[TimeControl "5400+30"]

1. e4 c5 2. Nf3 Nc6 3. d4 cxd4 4. Nxd4 Nf6 5. Nc3 d6 6. Be2 g6 7. Be3 Bg7 8. O-O O-O 9. Kh1 Nxd4 10. Bxd4 Be6 11. f4 Rc8 12. f5 Bd7 13. a4 Bc6 14. Qd3 a5 15. Rad1 Nd7 16. Bxg7 Kxg7 17. Qd4+ Ne5 18. f6+ exf6 19. Qxd6 Re8 20. h3 h5 21. Kg1 Qb6+ 22. Kh1 Re6 23. Qa3 Qe3 24. Rde1 Qg3 25. Qc5 Ng4 26. Qg1 Rce8 27. Bc4 Re5 28. hxg4 hxg4 29. Qe3 Qh4+ 30. Kg1 Rh8 31. Rf4 g5 32. Rxf6 Kxf6 33. Rf1+ Kg6 34. Bxf7+ Kg7 35. Qd4 Qh2+ 36. Kf2 Rf8 0-1

[Event "Panchenko Memorial 2019"]
[Site "Chelyabinsk"]
[Date "2019.09.15"]
[Round "7.3"]
[White "Tologontegin, Semetey"]
[Black "Nesterov, Arseniy"]
[Result "1/2-1/2"]
[ECO "D00"]
[WhiteElo "2369"]
[BlackElo "2473"]
[Annotator "ChessBase"]
[PlyCount "100"]
[EventDate "2019.09.09"]
[EventType "swiss"]
[EventCountry "RUS"]
[SourceTitle "playchess.com"]
[Source "ChessBase"]
[SourceQuality "1"]
[TimeControl "5400+30"]

1. d4 d5 2. Nc3 Bf5 3. Bf4 e6 4. e3 Bd6 5. Nf3 Ne7 6. h3 Bxf4 7. exf4 O-O 8. Qd2 c5 9. dxc5 Nd7 10. Nd4 Nxc5 11. g4 Bg6 12. Be2 f6 13. b4 e5 14. bxc5 exd4 15. Nb5 Nc6 16. O-O Qe7 17. Nd6 b6 18. Bf3 Qd7 19. Bxd5+ Kh8 20. f5 bxc5 21. Bxc6 Qxc6 22. fxg6 Qxd6 23. gxh7 Kxh7 24. Rfe1 f5 25. Qd3 Kh8 26. gxf5 Qd5 27. Re4 Rxf5 28. c3 Raf8 29. cxd4 c4 30. Rh4+ Kg8 31. Qe4 Qxe4 32. Rxe4 Rxf2 33. Rc1 Rxa2 34. Rxc4 Rb8 35. Rc1 Rd2 36. Ra1 Rb3 37. Rg4 a5 38. Rg2 Rxd4 39. Rxa5 Rxh3 40. Ra8+ Kh7 41. Ra7 Rd1+ 42. Kf2 Rd2+ 43. Kg1 Rxg2+ 44. Kxg2 Rb3 45. Ra6 g6 46. Ra7+ Kh6 47. Ra5 g5 48. Ra6+ Kh5 49. Ra4 g4 50. Ra8 Rb2+ 1/2-1/2

[Event "Panchenko Memorial 2019"]
[Site "Chelyabinsk"]
[Date "2019.09.15"]
[Round "7.4"]
[White "Stupak, Kirill"]
[Black "Frolyanov, Dmitry"]
[Result "1/2-1/2"]
[ECO "D31"]
[WhiteElo "2551"]
[BlackElo "2556"]
[Annotator "ChessBase"]
[PlyCount "87"]
[EventDate "2019.09.09"]
[EventType "swiss"]
[EventCountry "RUS"]
[SourceTitle "playchess.com"]
[Source "ChessBase"]
[SourceQuality "1"]
[TimeControl "5400+30"]

1. d4 d5 2. c4 e6 3. Nc3 c6 4. Nf3 dxc4 5. a4 Bb4 6. e3 b5 7. Bd2 a5 8. axb5 Bxc3 9. Bxc3 cxb5 10. b3 Bb7 11. bxc4 b4 12. Bb2 Nf6 13. c5 O-O 14. Bb5 Qc7 15. O-O Nc6 16. Re1 Ne7 17. Ba4 Ng6 18. Nd2 Ba6 19. Qc2 e5 20. Nc4 exd4 21. Bxd4 Bb7 22. c6 Ba6 23. Nb6 Ng4 24. g3 Rad8 25. Nd7 N6e5 26. Qe4 Rxd7 27. cxd7 Bb7 28. Qc2 Nf3+ 29. Kf1 Qb8 30. Rec1 b3 31. Bxb3 Ba6+ 32. Kg2 Qa8 33. Kh3 Nxd4 34. exd4 Qf3 35. Ra2 Bd3 36. Qc5 Rd8 37. Qxa5 g6 38. Qxd8+ Kg7 39. Qg5 Bf5 40. Qxf5 Qxf5 41. Kg2 Qxd7 42. d5 Ne5 43. Rd2 Qf5 44. Bd1 1/2-1/2

[Event "Panchenko Memorial 2019"]
[Site "Chelyabinsk"]
[Date "2019.09.15"]
[Round "7.5"]
[White "Bezgodov, Alexei"]
[Black "Shaposhnikov, Evgeny"]
[Result "1/2-1/2"]
[ECO "C70"]
[WhiteElo "2453"]
[BlackElo "2572"]
[Annotator "ChessBase"]
[PlyCount "164"]
[EventDate "2019.09.09"]
[EventType "swiss"]
[EventCountry "RUS"]
[SourceTitle "playchess.com"]
[Source "ChessBase"]
[SourceQuality "1"]
[TimeControl "5400+30"]

1. e4 e5 2. Nf3 Nc6 3. Bb5 a6 4. Ba4 Bc5 5. c3 Nge7 6. O-O Ba7 7. d4 exd4 8. cxd4 d5 9. exd5 Nxd5 10. Bg5 Qd6 11. Re1+ Be6 12. Nbd2 O-O 13. Nc4 Qb4 14. Bxc6 bxc6 15. Qc2 Qb5 16. Na3 Qb7 17. Bd2 Nf6 18. Ne5 Bxd4 19. Nxc6 Qxb2 20. Nxd4 Qxd4 21. Bc3 Qh4 22. Be5 Nd5 23. Rad1 Rfe8 24. Nb1 f6 25. Bg3 Qb4 26. h3 Bf7 27. Rxe8+ Rxe8 28. Kh2 h5 29. a3 Qe4 30. Qxe4 Rxe4 31. f3 Rc4 32. Be1 Rc2 33. Nd2 Ne3 34. Rb1 c5 35. Rb8+ Kh7 36. Rb7 Kg6 37. Re7 Nd5 38. Re4 Nb6 39. Nf1 Bd5 40. Re3 Nc4 41. Rd3 Ne5 42. Rd2 Rc1 43. Bg3 Bxf3 44. Bxe5 fxe5 45. Rd6+ Kg5 46. Nd2 Be2 47. Kg3 Bb5 48. Kf3 Kf5 49. g4+ hxg4+ 50. hxg4+ Kg5 51. Ne4+ Kh4 52. Rg6 Rf1+ 53. Nf2 Re1 54. Kg2 c4 55. Rxg7 Bc6+ 56. Kh2 e4 57. Rh7+ Kg5 58. Rc7 e3 59. Nh3+ Kxg4 60. Rxc6 Re2+ 61. Kg1 Kxh3 62. Kf1 Ra2 63. Rxc4 Kg3 64. Rc6 a5 65. Rf6 a4 66. Ke1 Kg4 67. Rf8 Rxa3 68. Ke2 Rc3 69. Rf7 a3 70. Rf8 Rb3 71. Rf7 Kg5 72. Rf8 Kg6 73. Rf4 Kg7 74. Rf5 Rc3 75. Rf4 Kg8 76. Rf5 Kh8 77. Rg5 Kh7 78. Rg4 Kh6 79. Rg8 Kh5 80. Rg7 Rb3 81. Rg8 Kh4 82. Rg7 Kh5 1/2-1/2